 Dungeon Crawl Stone Soup version 0.27.1 (webtiles) character file.

Game seed: 1664830773328533143

21 Descartes the Sneak (level 2, -4/14 HPs)
             Began as a Felid Delver on Aug 31, 2021.
             Killed from afar by a white imp (9 damage)
             ... with a puff of frost
             ... summoned by Eustachio
             ... on level 4 of the Dungeon.
             The game lasted 00:00:59 (159 turns).

Descartes the Sneak (Felid Delver)                   Turns: 159, Time: 00:01:01

Health: -4/14      AC:  1    Str:  8    XL:     2   Next: 62%
Magic:  3/3        EV: 18    Int: 11    God:
Gold:   29         SH:  0    Dex: 17    Spells: 1/1 levels left
                                        Lives:  0   Deaths: 0

rFire    . . .     SeeInvis +     - Unarmed
rCold    . . .     Faith    .   (shield unavailable)
rNeg     . . .     Spirit   .   (armour unavailable)
rPois    .         Reflect  .   (helmet unavailable)
rElec    .         Harm     .   (cloak unavailable)
rCorr    .         Rampage  .   (gloves unavailable)
Will     .....                  (boots unavailable)
Stlth    ++++......             (no amulet)
HPRegen  0.04/turn              (no ring)
MPRegen  0.08/turn              (no ring)

@: quick
A: very small, claws 1, fangs 3, see invisible, speed 1, shaggy fur 1, stealthy
paws, no weapons or thrown items, no armour, multi-lived
a: no special abilities


You were on level 4 of the Dungeon.
You visited 1 branch of the dungeon, and saw 2 of its levels.

You collected 29 gold pieces.

Inventory:

Wands
 e - a wand of digging (3)
 g - a wand of flame (16)
Scrolls
 a - a scroll of fog
 b - a scroll of magic mapping
 c - a scroll of fear
 h - a scroll of identify {unknown}
Potions
 d - a potion of haste
 f - a potion of resistance {unknown}


   Skills:
 - Level 3.0 Fighting
 + Level 3.6 Dodging
 + Level 7.1 Stealth
 - Level 2.0 Unarmed Combat


You had one spell level left.
You didn't know any spells.
Your spell library was empty.

Dungeon Overview and Level Annotations

Branches:
Dungeon (5/15)
 Temple: D:4-7

Altars:
Kikubaaqudgha
Uskayaw

Annotations:
D:4 Eustachio


Innate Abilities, Weirdness & Mutations

You have sharp claws.
You have razor-sharp teeth.
You have supernaturally acute eyesight. (SInv)
You cover ground quickly. (Speed+)
You are covered in fur. (AC +1)
Your paws help you pounce on unaware monsters.
You are incapable of wielding weapons or throwing items.
You cannot wear armour.
You gain extra lives every three experience levels.


Message History

HP restored.
A jackal comes into view.
There is a stone staircase leading down here.
Found a stone staircase leading up.
An adder comes into view.
An adder comes into view.
The helpless adder fails to defend itself.
You mangle the adder!!
You kill the adder!
Your Dodging skill increases to level 3!
Your Stealth skill increases to level 7!
You have reached level 2!
The helpless adder fails to defend itself.
You mangle the adder!!
You kill the adder!
Unknown command.
No target in view!
Eustachio the Magnificent comes into view.
He is wielding a +0 rapier.
Found a hide-covered altar of Uskayaw.
Eustachio gestures wildly while chanting.
You closely miss Eustachio. Eustachio barely misses you.
You scratch Eustachio.
Eustachio is lightly wounded.
The shadow imp misses you.
You scratch Eustachio.
Eustachio is lightly wounded.
Eustachio hits you but does no damage. The shadow imp closely misses you.
Eustachio closely misses you. The shadow imp misses you.
Eustachio casts a spell.
The shadow imp gestures at you. Pain shoots through your body!
The shadow imp disappears in a puff of smoke!
The white imp gestures at you. The puff of frost hits you.
The white imp lashes its tail.
The white imp lashes its tail.
The white imp gestures at you. The puff of frost hits you!
Ouch! That really hurt!
You die...

.####...####............#
....#..## #....######..#
.......# #..### #...##
.......# ###..# ##....##
......####....# #...##.##
......##......## ##..####.#
####...........####...# #.#
#........5........## ###
#.......5@...@....##
##......5.#####....#######
#.........# ##.......##.#
#.........# ##...<.......#
#...........##...........##
#............#..........###
.........##............##
._......###..........###
... #........##


You could see Eustachio, a quasit (summoned) and 2 white imps.

Vanquished Creatures
  2 adders (D:4)
  A hobgoblin (D:4)
3 creatures vanquished.

Notes
Turn   | Place    | Note
-------+----------+-------------------------------------------
     0 | D:5      | Descartes the Felid Delver began the quest for the Orb.
     0 | D:5      | Reached XP level 1. HP: 10/10 MP: 2/2
     6 | D:5      | Found an ancient bone altar of Kikubaaqudgha.
    33 | D:5      | Noticed an ogre
   125 | D:4      | Reached skill level 7 in Stealth
   125 | D:4      | Reached XP level 2. HP: 14/14 MP: 3/3
   141 | D:4      | Noticed Eustachio
   145 | D:4      | Found a hide-covered altar of Uskayaw.
   159 | D:4      | Killed from afar by a white imp

Illustrated notes

Levels and vault maps discovered:
D:4:      layout_layer_cave, overflow_temple_1_default,
          chequers_serial_rivers_small_3, minmay_lizard_king, uniq_grinder,
          uniq_eustachio, uniq_sigmund, uniq_menkaure
D:5:      layout_cave_pools, mainiacjoe_overflow_six_doors_small,
          lemuel_crystal_altar, minmay_temple_entry_mist, gammafunk_ghost_grave,
          uniq_duvessa

Skill      XL: |  1 |
---------------+----+-----
Dodging        | 3 |  3.6
Stealth        | 7 |  7.1
Fighting       | |  3.0
Unarmed Combat | |  2.0

Action                   || total
-------------------------++-------
Melee: Unarmed           ||     6
       Bite              ||     1
 Stab: Sleeping          ||     2
Armor: Skin              ||     1
Dodge: Dodged            ||     5
